 Dungeon Crawl Stone Soup version 0.17-a0-1504-gb7d9117 (webtiles) character file.

2485 Natron the Fighter (level 9, 0/74 HPs)
             Began as an Octopode Fighter on July 8, 2015.
             Was a Believer of Dithmenos.
             Slain by a yak (18 damage)
             ... on level 6 of the Dungeon.
             The game lasted 00:48:55 (10676 turns).

Natron the Fighter (Octopode Fighter)              Turns: 10676, Time: 00:48:55

Health: 0/74       AC:  6    Str: 12    XL:     9   Next: 52%
Magic:  9/9        EV: 11    Int: 11    God:    Dithmenos [**....]
Gold:   140        SH:  8    Dex: 14    Spells: 0 memorised, 8 levels left

rFire  . . .     SeeInvis .     b - +2 dagger (protect)
rCold  . . .     Clarity  .     p - +0 shield
rNeg   + . .     SustAt   .     (helmet restricted)
rPois  .         Gourm    .     g - amulet of stasis
rElec  .         Spirit   .     i - -3 ring of strength (curse)
rCorr  .         Warding  .     n - ring of positive energy
rMut   .         Stasis   +     (no ring)
MR     .....                    (no ring)
Stlth  +++++.....               (no ring)
                                (no ring)
                                (no ring)
                                (no ring)

@: wreathed by umbra, not resistant to hostile enchantments, quite stealthy
A: almost no armour, amphibious, 8 rings, constrict 8, tentacle spike 3,
camouflage 1, sense surroundings 1, robust 1, wild magic 1, gelatinous body 1,
MP-powered wands
a: Shadow Step, Renounce Religion


You were on level 6 of the Dungeon.
You worshipped Dithmenos.
Dithmenos was pleased with you.
You were hungry.

You visited 2 branches of the dungeon, and saw 8 of its levels.

You collected 321 gold pieces.
You spent 181 gold pieces at shops.

Inventory:

Hand weapons
 a - a +0 long sword
 b - a +2 dagger of protection (weapon)
 c - a +0 hunting sling
 d - a +5 rapier of venom
Missiles
 m - 252 stones
 r - 15 poisoned needles
 u - 11 tomahawks (quivered)
 v - 5 poisoned sling bullets
 D - 8 steel tomahawks
 I - a throwing net
Armour
 p - a +0 shield (worn)
Magical staves
 A - an uncursed staff of wizardry
Jewellery
 g - an amulet of stasis (around mantle)
 i - a cursed -3 ring of strength (left tentacle)
 n - a ring of positive energy (right tentacle)
Magical devices
 y - a wand of slowing (13)
 B - a wand of digging (8)
Scrolls
 k - a scroll of blinking {unknown}
 l - 2 scrolls of amnesia {unknown}
 o - 4 scrolls of identify
 q - a scroll of random uselessness {unknown}
 x - a scroll of enchant weapon {unknown}
 z - 3 scrolls of immolation {unknown}
 E - 3 scrolls of remove curse {unknown}
 F - a scroll of fear {unknown}
 H - a scroll of fog {unknown}
Potions
 e - 3 potions of brilliance
Books
 j - a book of Dreams

   Spells                             Type                      Level
   a - Ensorcelled Hibernation        Hexes/Ice                    2
   b - Phase Shift                    Translocation                5
   c - Shadow Creatures               Summoning                    5
   d - Silence                        Hexes/Air                    5
   e - Mass Confusion                 Hexes                        6
   f - Darkness                       Hexes                        7
 J - a book of Death

   Spells                             Type                      Level
   a - Corpse Rot                     Necromancy                   2
   b - Sublimation of Blood           Necromancy                   2
   c - Agony                          Necromancy                   5
   d - Dispel Undead                  Necromancy                   5
   e - Excruciating Wounds            Charms/Necromancy            5
   f - Bolt of Draining               Conjuration/Necromancy       5
Comestibles
 f - 2 meat rations
 h - 7 beef jerkies
 C - 5 fruits
 G - 6 bread rations


   Skills:
 * Level 9.1 Fighting
 * Level 4.7(6.7) Short Blades
 - Level 7.5(8.1) Long Blades
 - Level 3.0 Dodging
 - Level 4.0 Stealth
 - Level 3.0 Shields


You had 8 spell levels left.
You didn't know any spells.

Dungeon Overview and Level Annotations

Branches:
Dungeon (7/15)             Temple (1/1) D:4

Altars:
Ashenzari
Cheibriados
Dithmenos
Elyvilon
Fedhas
Gozag
Kikubaaqudgha
Makhleb
Nemelex Xobeh
Okawaru
Qazlal
Ru
Sif Muna
Trog
Vehumet
Xom
Yredelemnul
Zin
The Shining One

Shops:
D:5 !

Annotations:
D:2 Oklob Plant Vault, exclusion: oklob plant
D:5 mahalanobis's ghost, average HaAs


Innate Abilities, Weirdness & Mutations

You cannot wear most types of armour.
You are amphibious.
You can wear up to eight rings at the same time.
You can use your tentacles to constrict eight enemies at once.
Your skin changes colour to match your surroundings (Stealth).
Your rubbery body absorbs attacks (AC +1).
One of your tentacles bears a large vicious spike.
You passively map a small area around you.
You are robust (+10% HP).
Your spells are a little harder to cast, but a little more powerful.
You expend magic power (3 MP) to strengthen your wands.


Message History

You hit the yak.
The yak is almost dead.
You barely miss the yak.
You pierce the yak, but do no damage.
The yak is almost dead.
The yak gores you!
* * * LOW HITPOINT WARNING * * *
You hit the yak but do no damage.
You pierce the yak, but do no damage.
Your squeeze misses the yak.
The yak is almost dead.
The yak barely misses you.
You hit the yak but do no damage.
The yak is almost dead.
The yak gores you.
* * * LOW HITPOINT WARNING * * *
You hit the yak.
You pierce the yak, but do no damage.
The yak is almost dead.
You completely miss the yak.
You pierce the yak, but do no damage.
The yak is almost dead.
The yak gores you!!
You die...

#.....## #. #....##
#. ##...# ##.
######...# #..
#.......## ####..
##......####.....
###.............
#####............##
#.@Y..........#####
###........#### #
###.....## #
##.....### ##
########......## #.
#.........#....####.
###......####.......
##..#...# ##......
#.###..## #....#..


You could see a yak.

Vanquished Creatures
  3 yaks
  Eustachio (D:4)
  The ghost of FakerFangirl the Firebug, an average NaFE (D:3)
  Edmund (D:5)
  Duvessa (D:5)
  An ice beast (D:5)
  A big kobold (D:7)
  An ogre (D:7)
  2 giant frogs
  Dowan (D:5)
  4 scorpions
  2 crimson imps
  2 giant frog zombies (D:7)
  3 hounds
  3 orc priests
  A jelly (D:5)
  4 orc wizards
  A centaur skeleton (D:5)
  Natasha (thrice) (D:4)
  An iguana (D:5)
  5 worker ants
  7 adders (D:2)
  A shadow imp (D:4)
  An ooze (D:1)
  6 worms
  6 giant geckos
  25 orcs
  2 bat skeletons
  2 bat zombies (D:6)
  4 giant cockroaches
  12 goblins
  17 hobgoblins
  8 jackals
  2 quokkas
  A ball python (D:3)
  10 bats
  A giant newt (D:3)
  15 kobolds
  A quokka skeleton (D:5)
  5 rats
  A rat zombie (D:6)
169 creatures vanquished.

Vanquished Creatures (others)
  An iguana (D:5)
1 creature vanquished.

Grand Total: 170 creatures vanquished

Notes
Turn   | Place    | Note
--------------------------------------------------------------
     0 | D:1      | Natron the Octopode Fighter began the quest for the Orb.
     0 | D:1      | Reached XP level 1. HP: 16/16 MP: 1/1
   244 | D:1      | Reached XP level 2. HP: 21/21 MP: 2/2
   711 | D:1      | Reached XP level 3. HP: 24/26 MP: 3/3
  2056 | D:2      | Reached XP level 4. HP: 29/31 MP: 4/4
  2128 | D:2      | Reached skill level 1 in Stealth
  2428 | D:2      | Reached skill level 4 in Long Blades
  2653 | D:2      | Found a blossoming altar of Fedhas.
  2663 | D:2      | Noticed an oklob plant
  2940 | D:3      | Reached XP level 5. HP: 37/37 MP: 5/5
  3172 | D:3      | Noticed FakerFangirl's ghost (average NaFE)
  3224 | D:3      | HP: 1/37 [FakerFangirl's ghost/puff of flame (14)]
  3775 | D:4      | Noticed Eustachio
  3785 | D:4      | Killed Eustachio
  3785 | D:4      | Reached skill level 5 in Fighting
  3785 | D:4      | Reached skill level 5 in Long Blades
  3785 | D:4      | Reached XP level 6. HP: 38/45 MP: 6/6
  3891 | D:4      | Noticed Natasha
  3897 | D:4      | Killed Natasha
  4266 | D:4      | Reached XP level 7. HP: 42/50 MP: 7/7
  4414 | D:4      | Reached skill level 6 in Long Blades
  4539 | D:4      | Noticed Natasha
  4543 | D:4      | Killed Natasha
  4734 | D:4      | Noticed Natasha
  4772 | D:4      | Killed Natasha
  4899 | D:4      | Found a staircase to the Ecumenical Temple.
  4908 | Temple   | Entered the Ecumenical Temple
  4917 | Temple   | Became a worshipper of Dithmenos the Shadowed
  5055 | D:5      | Entered Level 5 of the Dungeon
  5634 | D:5      | Noticed Edmund
  5644 | D:5      | Killed Edmund
  5644 | D:5      | Reached XP level 8. HP: 42/58 MP: 8/8
  5714 | D:5      | Noticed mahalanobis's ghost (average HaAs)
  5867 | D:5      | Found Geinwois's Quality Used Wands.
  6663 | D:6      | Found an ancient bone altar of Kikubaaqudgha.
  6858 | D:5      | Found Jijasi's Distillery.
  6860 | D:5      | Noticed Dowan
  6880 | D:5      | Noticed Duvessa
  6903 | D:5      | Killed Duvessa
  6903 | D:5      | Reached skill level 7 in Long Blades
  6916 | D:5      | Killed Dowan
  7095 | D:5      | Bought a potion of mutation for 32 gold pieces
  7095 | D:5      | Gained mutation: You expend magic power (3 MP) to strengthen your wands. [potion of mutation]
  7095 | D:5      | Gained mutation: You have a pair of small antennae on your head. [potion of mutation]
  7095 | D:5      | Gained mutation: One of your tentacles bears a spike. [potion of mutation]
  7096 | D:5      | Lost mutation: You expend magic power (3 MP) to strengthen your wands. [potion of mutation]
  7096 | D:5      | Lost mutation: You have a pair of small antennae on your head. [potion of mutation]
  7096 | D:5      | Gained mutation: Your spells are a little harder to cast, but a little more powerful. [potion of mutation]
  7097 | D:5      | Bought a potion of mutation for 32 gold pieces
  7097 | D:5      | Gained mutation: One of your tentacles bears a nasty spike. [potion of mutation]
  7097 | D:5      | Gained mutation: You expend magic power (3 MP) to strengthen your wands. [potion of mutation]
  7097 | D:5      | Gained mutation: You are robust (+10% HP). [potion of mutation]
  7494 | D:5      | Bought a potion of heal wounds for 65 gold pieces
  7494 | D:5      | Bought a potion of agility for 52 gold pieces
  8160 | D:5      | Found a shimmering altar of Xom.
  8653 | D:3      | Reached skill level 1 in Short Blades
  8888 | D:3      | Killed FakerFangirl's ghost
  9688 | D:5      | Gained mutation: One of your tentacles bears a large vicious spike. [potion of mutation]
  9688 | D:5      | Gained mutation: You passively map a small area around you. [potion of mutation]
  9749 | D:6      | Reached skill level 8 in Fighting
  9749 | D:6      | Reached XP level 9. HP: 35/72 MP: 9/9
  9932 | D:7      | Found a shadowy altar of Dithmenos.
  9952 | D:7      | Acquired Dithmenos's first power
 10626 | D:7      | Reached skill level 9 in Fighting
 10676 | D:6      | Slain by a yak

Vault maps used:
D:1:      lightli_arrival_quake
D:2:      first_bread, tgw_fedhas
D:4:      minmay_temple_entry_nine_rooms, st_stairs_7, hangedman_glass_teeth,
          uniq_natasha, uniq_eustachio
D:5:      serial_shops, shop, basic_altar, nicolae_for_you_no_charge,
          uniq_edmund, uniq_duvessa
D:6:      lemuel_zombie_altar_kikubaaqudgha
D:7:      nrook_uturn, grunt_ogre_cave, grunt_dithmenos_smoke
Temple:   grunt_wide_crystal_templ_18

Action                   |  1- 3 |  4- 6 |  7- 9 || total
-------------------------+-------+-------+-------++-------
Melee: Long sword        |    60 |    76 |   135 ||   271
       Dagger            |       |     7 |   283 ||   290
 Fire: Hunting sling     |       |    23 |    30 ||    53
Throw: Stone             |    11 |     2 |     1 ||    14
       Tomahawk          |       |       |     8 ||     8
Evoke: Wand              |       |       |     6 ||     6
  Use: Potion            |     1 |       |    14 ||    15
       Scroll            |       |       |     3 ||     3
 Stab: Sleeping          |     5 |     6 |    11 ||    22
       Distracted        |     1 |       |     2 ||     3
       Invisible         |       |       |     2 ||     2
  Eat: Chunk             |     3 |     6 |    15 ||    24
       Bread ration      |       |       |     1 ||     1
       Royal jelly       |       |       |     1 ||     1
